 Dungeon Crawl Stone Soup version 0.28-a0-851-g8b9cc49659 (webtiles) character file.

Game seed: 14246267734597782403

6925 Crownlay the Thaumaturge (level 10, -4/69 HPs)
             Began as a Red Draconian Conjurer on Nov 14, 2021.
             Was a Believer of Sif Muna.
             Slain by a two-headed ogre (23 damage)
             ... on level 8 of the Dungeon.
             The game lasted 00:20:09 (12450 turns).

Crownlay the Thaumaturge (Red Draconian Conjurer)  Turns: 12450, Time: 00:20:10

Health: -4/69      AC: 11    Str: 10    XL:     10   Next: 80%
Magic:  25/25      EV: 16    Int: 21    God:    Sif Muna [**....]
Gold:   232        SH:  4    Dex: 10    Spells: 23/32 levels left

rFire   + . .      SeeInvis +   m - +3 dagger (protect)
rCold   . . .      Faith    +   b - +0 buckler
rNeg    . . .      Spirit   .   (armour unavailable)
rPois   .          Reflect  .   (helmet restricted)
rElec   .          Harm     .   d - +2 cloak {Will+}
rCorr   .          Rampage  .   z - +0 pair of gloves
Will    +....                   (no boots)
Stlth   ++........              g - amulet of faith
HPRegen 0.21/turn               B - +4 ring of evasion
MPRegen 0.19/turn               J - ring of see invisible

@: no status effects
A: breathe fire, AC +7, unfitting armour, fire resistance 1, cold-blooded
a: Breathe Fire, Renounce Religion, Channel Magic


You were on level 8 of the Dungeon.
You worshipped Sif Muna.
Sif Muna was pleased with you.
You visited 1 branch of the dungeon, and saw 8 of its levels.
You also visited: Ossuary.

You collected 572 gold pieces.
You spent 340 gold pieces at shops.

Inventory:

Hand Weapons
 m - a +3 dagger of protection (weapon)
Missiles
 n - a throwing net
Armour
 b - a +0 buckler (worn)
 d - a +2 cloak of willpower (worn)
 z - a +0 pair of gloves (worn)
Magical Staves
 w - a staff of death
 G - a staff of earth
Jewellery
 c - an amulet of reflection
 g - an amulet of faith (around neck)
 u - a ring of ice
 B - a +4 ring of evasion (left hand)
 H - the amulet of Due Proportion {Faith rCorr Dex+2}
   (You found it on level 8 of the Dungeon)

   [amulet of faith]

   It allows you to gain divine favour quickly.
   Dex:       It affects your dexterity (+2).
   rCorr:     It protects you from acid and corrosion.
 J - a ring of see invisible (right hand)
Wands
 E - a wand of mindburst (9)
 F - a wand of acid (6)
 I - a wand of iceblast (7)
Scrolls
 e - 6 scrolls of enchant weapon
 k - 2 scrolls of holy word {unknown}
 l - 5 scrolls of enchant armour
 p - 3 scrolls of teleportation
 q - 2 scrolls of noise {unknown}
 r - 2 scrolls of fear {unknown}
 s - 2 scrolls of vulnerability
 t - a scroll of amnesia {unknown}
 x - a scroll of brand weapon {unknown}
 y - a scroll of magic mapping {unknown}
 C - 3 scrolls of fog
Potions
 a - a potion of magic {unknown}
 f - a potion of cancellation {unknown}
 h - 10 potions of curing
 i - 2 potions of brilliance {unknown}
 j - 4 potions of attraction
 o - a potion of ambrosia
 v - 3 potions of flight {unknown}
 A - 4 potions of might {unknown}
 D - a potion of heal wounds {unknown}


   Skills:
 - Level 1.7 Dodging
 - Level 1.7 Stealth
 - Level 4.0 Shields
 * Level 11.6 Spellcasting
 + Level 9.8 Conjurations
 - Level 6.0 Fire Magic


You had 23 spell levels left.
You knew the following spells:

 Your Spells              Type           Power      Damage    Failure   Level
a - Magic Dart            Conj           100%       1d8       1%          1
b - Searing Ray           Conj           100%       2d8       1%          2
c - Blink                 Tloc           24%        N/A       9%          2
d - Fulminant Prism       Conj/Hex       16%        3d11      8%          4

Your spell library contained the following spells:

 Spells                   Type           Power      Damage    Failure   Level
 Shock                    Conj/Air       100%       1d9       1%          1
 Dazzling Flash           Conj/Hex       64%        N/A       2%          3
 Freeze                   Ice            48%        1d7       5%          1
 Hailstorm                Conj/Ice       32%        3d8       8%          4
 Iskenderun's Mystic Bla  Conj/Tloc      32%        2d8       8%          4
 Corpse Rot               Necr/Air       24%        N/A       9%          2
 Poisonous Vapours        Pois/Air       24%        N/A       9%          2
 Frozen Ramparts          Ice            24%        1d4       17%         3
 Gell's Gravitas          Tloc           12%        N/A       17%         3
 Lesser Beckoning         Tloc           12%        N/A       17%         3
 Swiftness                Air            12%        N/A       17%         3
 Teleport Other           Tloc           12%        N/A       17%         3
 Airstrike                Air            6%         N/A       50%         4
 Olgreb's Toxic Radiance  Pois           12%        N/A       50%         4
 Manifold Assault         Tloc           12%        N/A       83%         5
 Dispersal                Tloc           6%         N/A       100%        6
 Ozocubu's Refrigeration  Ice            6%         4d6       100%        7
 Ignition                 Fire           18%        3d7       100%        8


Dungeon Overview and Level Annotations

Branches:
Dungeon (8/15)             Temple (0/1) D:5         Ossuary (visited)
   Lair: D:8-11

Altars:
Ashenzari
Gozag
Hepliaklqana
Sif Muna
Zin

Shops:
D:2 (![   D:8 [

Annotations:
D:8 4 runed translucent doors


Innate Abilities, Weirdness & Mutations

You can breathe blasts of fire.
Your fiery red scales are hard. (AC +7)
You cannot fit into any form of body armour.
Your flesh is heat resistant. (rF+)
You are cold-blooded and may be slowed by cold attacks.


Message History

You block the two-headed ogre's attack.
Casting: Searing Ray (safe; 1% risk of failure)
Confirm with . or Enter, or press ? or * to list all spells.
Aiming: Searing Ray (safe; 1% risk of failure)
Press: ? - help, Shift-Dir - straight line, f - two-headed ogre
Aim: a two-headed ogre, wielding a +0 giant club and a +0 giant spiked club (lightly wounded, 92% to hit)
The searing ray hits the two-headed ogre.
The two-headed ogre is lightly wounded. (Press . to maintain the ray.)
The searing ray hits the two-headed ogre!
The two-headed ogre is moderately wounded.
The two-headed ogre hits you with a +0 giant club!
* * * LOW HITPOINT WARNING * * *
The two-headed ogre completely misses you.
The searing ray hits the two-headed ogre.
The two-headed ogre is moderately wounded.
You block the two-headed ogre's attack.
The two-headed ogre hits you with a +0 giant spiked club!
* * * LOW HITPOINT WARNING * * *
Okay, then.
Okay, then.
Things that are here:
a +0 short sword; a +0 plate armour
There is an open door here.
The centaur warrior shouts!
Okay, then.
Press: ? - help, Shift-Dir - straight line, f/p - two-headed ogre
Aim: a two-headed ogre, wielding a +0 giant club and a +0 giant spiked club (moderately wounded)
You breathe a blast of fire.
The fiery breath hits the two-headed ogre!
The two-headed ogre is moderately wounded.
The two-headed ogre hits you with a +0 giant club.
* * * LOW HITPOINT WARNING * * *
The two-headed ogre closely misses you.
You see here 10 bolts.
You have got your breath back.
You see here 10 bolts.
You see here 10 bolts.
The two-headed ogre hits you with a +0 giant club!!
You die...

##### #..###'# #)###..#..#..#
# ##.##.#.# ###)..##.##.##..
## #..#)#.## #.##.#.#.##...##
.######..#.###
#.#.##.#..###... .....##..#.#
#.##.#.#..###### ####.....#.#
#..###.#...#
###.#.##)...####....##...#
#....######..######....#
#.........O@...........#
######.##.....#####.........#
.....#.####.......(.........#
.###...## #......##.........#
∩..###..###......##<........#
.#.###............#.........#
.#.....####.................#
.........##......###.......###
##.#####.#########
##....)...####


You could see a two-headed ogre.

Vanquished Creatures
  4 two-headed ogres
  A manticore (D:8)
  Maurice (D:8)
  Maggie (D:7)
  A wyvern (D:5)
  A steam dragon (D:8)
  A vampire mosquito (D:8)
  2 orc warriors
  2 sky beasts
  The ghost of vurker the Gusty, an amateur FeAE (D:7)
  3 ice beasts
  2 black bears
  9 ogres
  A centaur (D:8)
  A phantom (D:6)
  A bullfrog (D:6)
  A wyvern zombie (D:5)
  3 scorpions
  2 water moccasin skeletons
  A howler monkey (D:5)
  A bullfrog zombie (D:5)
  3 centaur zombies
  2 hounds (D:5)
  A centaur skeleton (D:7)
  4 jellies
  A bullfrog skeleton (D:6)
  3 orc wizards
  6 iguanas
  A killer bee zombie (D:3)
  3 hound zombies (D:5)
  A hound skeleton (D:5)
  3 mummies (Ossuary)
  7 gnolls
  A howler monkey skeleton (D:6)
  9 adders
  A shadow imp (D:5)
  An adder skeleton (D:2)
  5 adder zombies
  3 dart slugs
  3 worms
  8 orcs
  3 ball pythons
  6 endoplasms
  2 giant cockroaches
  10 goblins
  4 hobgoblins
  6 jackals
  6 kobolds
  6 quokkas
  5 bats
  4 frilled lizards
  3 goblin zombies (Ossuary)
  3 hobgoblin zombies (Ossuary)
  3 kobold zombies (Ossuary)
  An orc zombie (Ossuary)
  A quokka skeleton (D:4)
  2 quokka zombies (Ossuary)
  5 rats
  2 rat zombies (Ossuary)
178 creatures vanquished.

Notes
Turn   | Place    | Note
-------+----------+-------------------------------------------
     0 | D:1      | Crownlay the Draconian Conjurer began the quest for the
                  | Orb.
     0 | D:1      | Reached XP level 1. HP: 14/14 MP: 3/3
   300 | D:1      | Reached XP level 2. HP: 20/20 MP: 1/5
   373 | D:1      | Learned a level 2 spell: Searing Ray
   504 | D:1      | Reached skill level 1 in Shields
   622 | D:1      | Found a faded altar of an unknown god.
   956 | D:2      | Reached XP level 3. HP: 26/26 MP: 4/7
  1440 | D:2      | Found Xuskeb's Antique Armour Emporium.
  1589 | D:2      | Reached skill level 3 in Spellcasting
  1731 | D:2      | Found Udaenuthro's Distillery.
  1741 | D:2      | Bought a potion of curing for 39 gold pieces
  1780 | D:2      | Found Migapian's Weapon Shop.
  2009 | D:3      | Reached XP level 4. HP: 33/33 MP: 4/8
  2045 | D:3      | Found a glowing silver altar of Zin.
  2991 | D:3      | Noticed an ogre
  2998 | D:3      | Killed an ogre
  2999 | D:3      | Reached XP level 5. HP: 19/38 MP: 0/10
  3369 | D:4      | Found a shimmering blue altar of Sif Muna.
  3382 | D:4      | Became a worshipper of Sif Muna the Loreminder
  3524 | D:4      | Reached skill level 4 in Spellcasting
  3524 | D:4      | Reached XP level 6. HP: 45/45 MP: 3/12
  3527 | D:4      | Learned a level 2 spell: Blink
  3714 | D:4      | Reached skill level 5 in Conjurations
  4123 | D:4      | Your scales start taking on a fiery red colour.
  4123 | D:4      | Reached XP level 7. HP: 32/50 MP: 4/14
  4123 | D:4      | Gained mutation: Your flesh is heat resistant. (rF+) [Red
                  | Draconian growth]
  5716 | D:5      | Entered Level 5 of the Dungeon
  5716 | D:5      | Found a staircase to the Ecumenical Temple.
  5729 | D:5      | Reached skill level 5 in Spellcasting
  6555 | D:5      | Noticed a two-headed ogre
  6575 | D:4      | Reached skill level 6 in Spellcasting
  6927 | D:5      | Reached XP level 8. HP: 57/57 MP: 9/17
  7125 | D:5      | Killed a two-headed ogre
  7126 | D:5      | Reached skill level 8 in Spellcasting
  7751 | D:5      | Reached XP level 9. HP: 62/62 MP: 10/21
  7832 | D:5      | Reached * piety under Sif Muna
  8073 | D:5      | Learned a level 4 spell: Fulminant Prism
  8258 | D:5      | Reached skill level 9 in Spellcasting
  8544 | D:6      | Found a sand-covered staircase.
  8550 | Ossuary  | Entered an ossuary
  8740 | Ossuary  | Reached ** piety under Sif Muna
  9161 | D:6      | Reached skill level 1 in Fire Magic
  9188 | D:6      | Found an opulent altar of Gozag.
 10307 | D:7      | Noticed a two-headed ogre
 10316 | D:7      | Killed a two-headed ogre
 10317 | D:7      | Reached skill level 10 in Spellcasting
 10317 | D:7      | Reached XP level 10. HP: 45/69 MP: 12/24
 10525 | D:7      | Noticed Maggie
 10545 | D:7      | Killed Maggie
 11166 | D:7      | Found a hazy altar of Hepliaklqana.
 11213 | D:7      | Found a runed translucent door.
 11213 | D:7      | Noticed vurker's ghost (amateur FeAE)
 11222 | D:7      | Killed vurker's ghost
 11275 | D:8      | Found a large runed translucent door.
 11275 | D:8      | Found a large runed translucent door.
 11278 | D:8      | Noticed a deep elf pyromancer
 11279 | D:8      | Noticed a centaur warrior
 11280 | D:8      | Noticed a two-headed ogre
 11311 | D:8      | Noticed a two-headed ogre
 11319 | D:8      | Killed a two-headed ogre
 11413 | D:8      | Noticed Maurice
 11435 | D:8      | Killed Maurice
 11436 | D:8      | Reached skill level 5 in Fire Magic
 11718 | D:8      | Found Boziq's Armour Shop.
 11848 | D:8      | Bought a +2 cloak of willpower for 301 gold pieces
 11879 | D:8      | Found a large runed translucent door.
 11879 | D:8      | Found a large runed translucent door.
 11893 | D:8      | Found a broken altar of Ashenzari.
 11982 | D:8      | Reached skill level 11 in Spellcasting
 12042 | D:8      | Noticed a manticore
 12058 | D:8      | Killed a manticore
 12276 | D:8      | Identified the amulet of Due Proportion {Faith rCorr Dex+2}
 12376 | D:8      | Noticed a two-headed ogre
 12380 | D:8      | Noticed a two-headed ogre
 12383 | D:8      | Killed a two-headed ogre
 12450 | D:8      | Slain by a two-headed ogre

Illustrated notes

Levels and vault maps discovered:
D:1:      ebering_trefoil_3fold, layout_rooms,
          shapermc_ecumenical_altar_mp_highgroup
D:2:      layout_basic, serial_shops, shop, nicolae_lakefront_shop,
          nicolae_shop_window_shopping, minmay_pentomino_p4
D:3:      layout_basic, mainiacjoe_overflow_boulevard
D:4:      layout_basic, nicolae_sif_muna_little_library
D:5:      kennysheep_windowed_halls, layout_layer_cave,
          minmay_temple_entry_drinking_statues, minmay_chambers_of_fives
D:6:      layout_cave_pods, nicolae_gozag_seed_capital,
          nicolae_ossuary_entry_ruins, grunt_ministairs_5
D:7:      layout_cave_pools, kennysheep_mini, serial_glass, glass_columns_a,
          glass_columns_b, gammafunk_ghost_grave, dk_rats_in_the_wall,
          uniq_maggie
D:8:      layout_rooms, mainiacjoe_overflow_cross_hatched, serial_shops,
          nicolae_shop_crystal, minmay_hollow_rounded_squares, uniq_maurice

Skill      XL: |  1  2  3  4  5  6  7  8  9 10 |
---------------+-------------------------------+-----
Shields        | 1 2 3 4 |  4.0
Spellcasting   | 3 4 6 8 10 11 | 11.6
Conjurations   | 5 6 7 8 9 |  9.8
Fire Magic     | 3 6 |  6.0
Dodging        | |  1.7
Stealth        | |  1.7

Action                   |  1- 3 |  4- 6 |  7- 9 | 10-12 || total
-------------------------+-------+-------+-------+-------++-------
Melee: Unarmed           |     7 |       |       |       ||     7
       Dagger            |    11 |    16 |    19 |     3 ||    49
       Tailslap          |       |     1 |     4 |       ||     5
 Cast: Magic Dart        |    73 |    63 |   128 |    22 ||   286
       Searing Ray       |     4 |    12 |    52 |    29 ||    97
       Blink             |       |       |    53 |       ||    53
 Abil: Breathe Fire      |       |       |     5 |     1 ||     6
Evoke: Wand              |       |       |       |     3 ||     3
  Use: Scroll            |       |       |     6 |     1 ||     7
 Stab: Sleeping          |     1 |       |       |       ||     1
Armor: Skin              |    17 |     8 |    31 |    21 ||    77
Dodge: Dodged            |    27 |    30 |    68 |    64 ||   189
Block: Other             |     4 |    11 |       |       ||    15
       Buckler           |       |     2 |    50 |    15 ||    67

Table legend: (Time is in decaauts)
 A = Elapsed time spent in this place.
 B = Non-inter-level travel time spent in this place.
 C = Inter-level travel time spent in this place.
 D = Time resting spent in this place.
 E = Time spent auto-exploring this place.
 F = Levels seen in this place.
 G = Mean time per level.
                   A        B        C        D        E       F      G
               +--------+--------+--------+--------+--------+-----+--------+
         Total |  12449 |  12149 |    300 |    496 |   9752 |   9 | 1383.2 |
       Dungeon |  12052 |  11752 |    300 |    496 |   9432 |   8 | 1506.5 |
       Ossuary |    397 |    397 |      0 |      0 |    320 |   1 |  397.0 |
               +--------+--------+--------+--------+--------+-----+--------+

Top non-repeatable levels by time:
     D:4: 3063 daAuts
     D:5: 2232 daAuts
     D:3: 1337 daAuts
     D:6: 1302 daAuts
     D:8: 1178 daAuts
     D:7: 1032 daAuts
     D:2: 967 daAuts
     D:1: 938 daAuts
 Ossuary: 397 daAuts
